 Dungeon Crawl Stone Soup version 0.30.0-19-g36f170ea60 (webtiles) character file.

Game seed: 7134880693081878371

308 monsoonserge the Gusty (level 6, -1/33 HPs)
             Began as a Tengu Air Elementalist on May 29, 2023.
             Succumbed to a kobold brigand's curare-tipped dart
             ... in a sewer.
             The game lasted 00:14:27 (2521 turns).

monsoonserge the Gusty (Tengu Air Elementalist)     Turns: 2521, Time: 00:14:28

Health: -1/33      AC:  6    Str:  8    XL:     6   Next: 40%
Magic:  11/20      EV: 14    Int: 18    God:
Gold:   166        SH:  0    Dex: 14    Spells: 1/11 levels left

rFire   . . .        n - +0 short sword
rCold   + . .        (no shield)
rNeg    . . .        u - +2 leather armour {rC+}
rPois   .            (helmet restricted)
rElec   .            (no cloak)
rCorr   .            y - +0 pair of gloves
SInv    .            (boots unavailable)
Will    .....        (no amulet)
Stlth   ++           d - ring of magical power
HPRegen 0.25/turn    (no ring)
MPRegen 0.17/turn

%: no passive effects
@: lethally poisoned (-1 -> -19), flying quickly and evasively, slowed, very
slow
A: beak, talons 3, nimble flight
a: no special abilities


You were in a sewer.
You visited 1 branch of the dungeon, and saw 4 of its levels.
You also visited: Sewer and Ossuary.

You collected 166 gold pieces.

Inventory:

Hand Weapons
 n - a +0 short sword (weapon)
 s - the +2 sling "Keennor" {flame, rPois rF++ Int-2 Stlth+}
   (You found it on level 3 of the Dungeon)

   Int:       It affects your intelligence (-2).
   rF:        It greatly protects you from fire.
   rPois:     It protects you from poison.
   Stlth:     It makes you more stealthy.
Missiles
 j - 18 stones
 m - 7 poisoned darts (quivered)
 t - a throwing net
Armour
 a - a +0 robe
 e - a +0 ring mail
 u - a +2 leather armour of cold resistance (worn)
 y - a +0 pair of gloves (worn)
Magical Staves
 p - a staff of earth
Jewellery
 d - a ring of magical power (left hand)
Scrolls
 c - a scroll of fog {unknown}
 i - 4 scrolls of amnesia {unknown}
 k - a scroll of enchant weapon {unknown}
 o - a scroll of torment {unknown}
 r - 2 scrolls of identify {unknown}
 A - 3 scrolls of blinking {unknown}
 B - a scroll of teleportation {unknown}
 C - a scroll of magic mapping {unknown}
Potions
 b - 3 potions of magic
 f - 3 potions of curing
 g - a potion of cancellation {unknown}
 h - a potion of flight {unknown}
 l - 4 potions of heal wounds
 q - 2 potions of degeneration {unknown}
 v - a potion of lignification {unknown}
 w - a potion of might {unknown}
 x - 2 potions of mutation {unknown}
 z - 2 potions of brilliance {unknown}


   Skills:
 + Level 0.8 Fighting
 + Level 1.7 Short Blades
 * Level 2.3 Armour
 + Level 2.5 Dodging
 + Level 2.5 Stealth
 - Level 0.1 Unarmed Combat
 - Level 3.0 Spellcasting
 + Level 3.7 Conjurations
 + Level 5.8 Air Magic


You had one spell level left.
You knew the following spells:

 Your Spells              Type           Power      Damage    Failure   Level
a - Shock                 Conj/Air       76%        1d7       3%          1
b - Static Discharge      Conj/Air       38%        2-4/arc   4%          2
c - Swiftness             Air            23%        N/A       6%          3
d - Airstrike             Air            11%        2d(2-18)  21%         4

Your spell library contained the following spells:

 Spells                   Type           Power      Damage    Failure   Level
 Inner Flame              Hex/Fire       2%         N/A       56%         3
 Yara's Violent Unravell  Hex/Tmut       1%         3d3       99%         5
 Enfeeble                 Hex            1%         N/A       100%        7


Dungeon Overview and Level Annotations

Branches:
Dungeon (4/15)              Sewer (1/1)             Ossuary (visited)
 Temple: D:4-7

Altars:
Gozag
Xom
Yredelemnul

Annotations:
D:2 Sigmund


Innate Abilities, Weirdness & Mutations

You have a beak for a mouth.
You have claws for feet.
Your magical nature lets you fly swiftly and evasively.


Message History

Press: ? - help, Shift-Dir - straight line, f/p - kobold brigand
Aim: a kobold brigand, wielding a +2 dagger of protection and quivering poisoned darts (moderately wounded, 64% to hit)
The zap hits the kobold brigand.
The kobold brigand is heavily wounded.
The zap hits the kobold brigand but does no damage.
The kobold brigand is moderately wounded.
You feel very sick.
Casting: Shock (safe; 3% risk of failure)
Confirm with . or Enter, or press ? or * to list all spells.
Aiming: Shock (safe; 3% risk of failure)
Press: ? - help, Shift-Dir - straight line, p - kobold brigand
Okay, then.
Casting: Shock (safe; 3% risk of failure)
Confirm with . or Enter, or press ? or * to list all spells.
Aiming: Shock (safe; 3% risk of failure)
Press: ? - help, Shift-Dir - straight line, p - kobold brigand The zap hits the kobold brigand.
The kobold brigand is heavily wounded.
You feel very sick.
The kobold brigand throws a poisoned dart.
The poisoned dart hits you.
You are lethally poisoned!
Casting: Shock (safe; 3% risk of failure)
Confirm with . or Enter, or press ? or * to list all spells.
Aiming: Shock (safe; 3% risk of failure)
Press: ? - help, Shift-Dir - straight line, f - kobold brigand
Aim: a kobold brigand, wielding a +0 club and quivering curare-tipped darts (heavily wounded, 64% to hit)
The zap hits the kobold brigand.
The kobold brigand is severely wounded.
* * * LOW HITPOINT WARNING * * *
You feel very sick.
The kobold brigand throws a poisoned dart.
The poisoned dart closely misses you.
The kobold brigand throws a curare-tipped dart.
The curare-tipped dart hits you.
You are more poisoned.
You have difficulty breathing.
* * * LOW HITPOINT WARNING * * *
You feel as though you will be slow longer.
You die...

#~# #~# #~# #~#
#~# ########~##
..~.~~~.~.#######
~.~~)~~~~...~...#
.~≈≈≈~~~~@~~≈~~~~≈
.~≈≈≈≈≈≈≈≈≈≈≈≈≈≈≈≈
~~≈≈≈~K~K~~~~~~~~~
)~~~~~.~.~......##
..~~......###.###
########### ∩# ##


You could see 2 kobold brigands.

Vanquished Creatures
  3 centaur zombies (Ossuary)
  A crimson imp (D:3)
  2 mummies (Ossuary)
  2 river rats
  2 adders
  2 adder zombies (Ossuary)
  A worm (D:2)
  7 orcs
  7 bats
  3 endoplasms
  2 giant cockroaches
  6 goblins
  5 hobgoblins
  10 jackals
  4 quokkas
  9 ball pythons
  2 frilled lizards (D:2)
  5 hobgoblin zombies (Ossuary)
  2 jackal zombies (Ossuary)
  5 kobolds
  17 kobold zombies (Ossuary)
  7 orc zombies (Ossuary)
  8 rats
112 creatures vanquished.

Notes
Turn   | Place    | Note
-------+----------+-------------------------------------------
     0 | D:1      | monsoonserge the Tengu Air Elementalist began the quest for
                  | the Orb.
     0 | D:1      | Reached XP level 1. HP: 10/10 MP: 4/4
    73 | D:1      | Reached XP level 2. HP: 7/15 MP: 0/6
   162 | D:1      | Learned a level 2 spell: Static Discharge
   698 | D:1      | Reached XP level 3. HP: 19/19 MP: 7/7
   740 | D:1      | Learned a level 3 spell: Swiftness
  1278 | D:2      | Noticed Sigmund
  1587 | D:2      | Reached XP level 4. HP: 8/24 MP: 9/9
  1660 | D:3      | Identified the +2 sling "Keennor" {flame, rPois rF++ Int-2
                  | Stlth+}
  1732 | D:3      | Found an opulent altar of Gozag.
  1743 | D:3      | Found a basalt altar of Yredelemnul.
  1785 | D:3      | Found a shimmering altar of Xom.
  1792 | D:3      | Reached skill level 1 in Armour
  1792 | D:3      | Reached skill level 5 in Air Magic
  1857 | D:4      | Noticed an ogre
  1938 | D:4      | Found a sand-covered staircase.
  1945 | Ossuary  | Entered an ossuary
  1980 | Ossuary  | Gained mutation: Your magical nature lets you fly swiftly
                  | and evasively. [Tengu growth]
  1980 | Ossuary  | Reached XP level 5. HP: 21/28 MP: 8/10
  1988 | Ossuary  | Learned a level 4 spell: Airstrike
  2154 | Ossuary  | Reached skill level 1 in Short Blades
  2273 | Ossuary  | Reached XP level 6. HP: 26/33 MP: 11/11
  2408 | D:4      | Found a glowing drain.
  2417 | Sewer    | Entered a sewer
  2521 | Sewer    | Succumbed to a kobold brigand's curare-tipped dart

Illustrated notes

Levels and vault maps discovered:
D:1:      minmay_arrival_checkered_box, layout_basic
D:2:      layout_loops_ring, uniq_sigmund
D:3:      layout_rooms, led_xom_imps, mainiacjoe_overflow_swirl,
          nicolae_ecumenical_lake_church, bh_walls_and_bars
D:4:      layout_loops_ring, makhleb_blood_cavern_becter, gup_sewer_entry_bowl,
          nicolae_ossuary_entry_monument, minmay_fractal_squares_gapless_5
Sewer:    sewer_kobolds

Skill      XL: |  1  2  3  4  5 |
---------------+----------------+-----
Conjurations   | 2 3 |  3.7
Spellcasting   | 3 |  3.0
Armour         | 1 2 |  2.3
Air Magic      | 5 |  5.8
Short Blades   | 1 |  1.7
Fighting       | |  0.8
Dodging        | |  2.5
Stealth        | |  2.5
Unarmed Combat | |  0.1

Action                     |  1- 3 |  4- 6 || total
---------------------------+-------+-------++-------
  Melee: Unarmed           |    24 |       ||    24
         Peck              |     4 |    16 ||    20
         Kick              |     6 |    24 ||    30
         Dagger            |     2 |       ||     2
         Short sword       |     1 |    90 ||    91
         Punch             |       |     1 ||     1
   Cast: Shock             |    72 |    93 ||   165
         Static Discharge  |       |     8 ||     8
    Use: Potion            |       |     3 ||     3
   Stab: Distracted        |       |     1 ||     1
         Sleeping          |       |     1 ||     1
 Armour: Robe              |     9 |       ||     9
         Leather armour    |     5 |    45 ||    50
  Dodge: Dodged            |    35 |    97 ||   132
